 Dungeon Crawl Stone Soup version 0.31-a0-819-gf6de2f5ab6 (webtiles) character file.

Game seed: 9039835416786984945

12 Bravepunisher the Ducker (level 2, -5/16 HPs)
             Began as a Spriggan Monk on Sept 23, 2023.
             Slain by a two-headed ogre
             ... wielding a +0 giant spiked club
              (21 damage)
             ... on level 5 of the Dungeon.
             The game lasted 00:02:19 (455 turns).

Bravepunisher the Ducker (Spriggan Monk)             Turns: 455, Time: 00:02:20

Health: -5/16      AC:  2    Str:  7    XL:     2   Next: 20%
Magic:  3/3        EV: 19    Int: 11    God:
Gold:   19         SH:  0    Dex: 17    Spells: 1/1 levels left

rFire   . . .        a - +0 short sword
rCold   . . .        (no shield)
rNeg    . . .        b - +0 robe
rPois   .            (helmet restricted)
rElec   .            (no cloak)
rCorr   .            (gloves unavailable)
SInv    +            (boots unavailable)
Will    .....        (no amulet)
Stlth   ++           (no ring)
HPRegen 0.22/turn    (no ring)
MPRegen 0.08/turn

%: no passive effects
@: very quick
A: very small, no large weapons, unfitting armour, see invisible, speed 3
a: no special abilities


You were on level 5 of the Dungeon.
You visited 1 branch of the dungeon, and saw 6 of its levels.

You collected 19 gold pieces.

Inventory:

Hand Weapons
 a - a +0 short sword (weapon)
Armour
 b - a +0 robe (worn)
 d - an orb of light
Scrolls
 e - a scroll of amnesia {unknown}


   Skills:
 * Level 2.8 Fighting
 - Level 3.2 Short Blades
 + Level 4.3 Dodging


You had one spell level left.
You didn't know any spells.
Your spell library was empty.

Dungeon Overview and Level Annotations

Branches:
Dungeon (6/15)
 Temple: D:4-7

Altars:


Innate Abilities, Weirdness & Mutations

You are very small and have problems with some larger weapons.
You are too small for most types of armour.
You have supernaturally acute eyesight. (SInv)
You cover ground extremely quickly. (Speed+++)


Message History

Found a scroll labelled ZEYDOWNEOM.
Found a ring mail.
Found a stone staircase leading down.
A hound comes into view.
Found a stone staircase leading up.
There is a stone staircase leading down here.
You climb downwards.
You hear the hiss of flowing sand.
There is an entrance to an ossuary on this level.
Hurry and find it before the portal is buried!
You hear the slow hiss of an avalanche of sand nearby.
Found 12 gold pieces.
Found a stone staircase leading down.
There is a stone staircase leading up here.
You climb upwards.
The hound completely misses you.
There is a stone staircase leading down here.
The hound bites you. The hound attacks as it pursues you! The hound misses you.
The hound attacks as it pursues you! The hound misses you.
The hound attacks as it pursues you! The hound barely misses you.
There is a stone staircase leading up here.
The hound barely misses you.
You climb upwards.
There is a stone staircase leading down here.
Unknown command.
Found a stone staircase leading down.
The hound attacks as it pursues you! The hound closely misses you.
The hound attacks as it pursues you! The hound misses you.
The hound attacks as it pursues you! The hound misses you.
There is a stone staircase leading down here.
The hound attacks as it pursues you! The hound closely misses you.
You enter a dispersal trap!
The hound blinks!
You blink.
The hound enters a dispersal trap!
You blink.
There is a stone staircase leading down here.
You climb downwards.
The orc priest shouts!
The two-headed ogre shouts in stereo!
The orc wizard shouts!
There is a stone staircase leading up here.
The orc priest completely misses you. The two-headed ogre misses you.
The two-headed ogre hits you with a +0 giant spiked club!!
Ouch! That really hurt!
You die...

######## ###......###
##### #.....o....#
#...## #...o.......
#...<## #..........
#.....## #.o@........#
##.>....##
##..O.......#
##........#
##....#....
..#.......##
##.##....# ###
####.......## ###....#
###.. ###......##
#.....#####...#
#####...###
##..(.#[.....###
###...###............#
####..#..........f...#


You could see a two-headed ogre, an orc priest, an orc wizard and an orc.

Vanquished Creatures
  An adder (D:3)
  A hobgoblin (D:2)
  A kobold (D:3)
  A rat (D:3)
4 creatures vanquished.

Vanquished Creatures (others)
  A kobold (D:4)
1 creature vanquished.

Grand Total: 5 creatures vanquished

Notes
Turn   | Place    | Note
-------+----------+-------------------------------------------
     0 | D:1      | Bravepunisher the Spriggan Monk began the quest for the
                  | Orb.
     0 | D:1      | Reached XP level 1. HP: 11/11 MP: 2/2
    80 | D:2      | You fall into a shaft and drop 1 floor!
   147 | D:3      | Reached XP level 2. HP: 14/16 MP: 3/3
   266 | D:5      | Entered Level 5 of the Dungeon
   454 | D:5      | Noticed a two-headed ogre
   455 | D:5      | Slain by a two-headed ogre

Illustrated notes

Levels and vault maps discovered:
D:1:      amcnicky_arrival_gap_in_the_tavern_cellar, layout_basic
D:2:      layout_loops_ring, serial_shops, nicolae_shop_waterfront
D:3:      layout_basic, gammafunk_ghost_cemetery
D:4:      layout_loops_ring, serial_glass, glass_columns_c, glass_columns_a,
          nrook_campfire, uniq_crazy_yiuf_cottage
D:5:      layout_cave_pods
D:6:      layout_rooms, minmay_temple_entry_poolview, nicolae_ossuary_entry_giza

Action                     || total
---------------------------++-------
  Melee: Short sword       ||    41
    Use: Potion            ||     1
 Armour: Robe              ||    17
  Dodge: Dodged            ||    43

Table legend: (Time is in decaauts)
 A = Elapsed time spent in this place.
 B = Non-inter-level travel time spent in this place.
 C = Inter-level travel time spent in this place.
 D = Time resting spent in this place.
 E = Time spent auto-exploring this place.
 F = Levels seen in this place.
 G = Mean time per level.
                   A        B        C        D        E       F      G
               +--------+--------+--------+--------+--------+-----+--------+
         Total |    314 |    314 |      0 |     28 |     84 |   6 |   52.3 |
       Dungeon |    314 |    314 |      0 |     28 |     84 |   6 |   52.3 |
               +--------+--------+--------+--------+--------+-----+--------+

Top non-repeatable levels by time:
     D:5: 102 daAuts
     D:3: 89 daAuts
     D:4: 63 daAuts
     D:2: 45 daAuts
     D:1: 9 daAuts
     D:6: 3 daAuts
